[Event "Titled Tuesday Blitz April 26 Early 2022"]
[White "Mihailidis, Anastasios"]
[Black "Sharapov, Evgeny"]
[WhiteFideId "4205588"]
[BlackFideId "14103133"]
[WhiteElo "2312"]
[BlackElo "2367"]
[Result "0-1"]
[Round "02"]
[TimeControl "180+1"]
[Date "2022.04.26"]
[WhiteClock "0:00:16"]
[BlackClock "0:00:26"]

1. e4 c5 2. Nf3 d6 3. d4 cxd4 4. Nxd4 Nf6 5. f3 e6 6. c4 Be7 7. Nc3 O-O 8. Be3 Nbd7 9. Be2 d5 10. cxd5 exd5 11. exd5 Nb6 12. O-O Nfxd5 13. Nxd5 Nxd5 14. Bf2 Bf6 15. Qa4 Nb6 16. Qb4 a5 17. Qd2 Qd6 18. Rfd1 Rd8 19. Nb3 Qxd2 20. Rxd2 Rxd2 21. Nxd2 Na4 22. Nc4 Nxb2 23. Nxb2 Bxb2 24. Rb1 Bf6 25. Bd3 Be6 26. a3 Bd5 27. Be4 Bxe4 28. fxe4 h5 29. Rxb7 Rc8 30. Kf1 Rc3 31. a4 Rc4 32. e5 Bxe5 33. Rb5 Bc3 34. Rxh5 Rxa4 35. Rc5 Ra1+ 36. Ke2 Ra2+ 37. Ke3 Bf6 38. h3 a4 39. Ra5 a3 40. Kf3 Ra1 41. Bc5 a2 42. Bf2 Kf8 43. Bc5+ Ke8 44. Bf2 Kd7 45. Ra7+ Kc6 46. Ra6+ Kb5 47. Ra8 Kc4 48. Rc8+ Kb3 49. Rb8+ Kc2 50. Rc8+ Bc3 51. Ra8 Kb3 52. Rb8+ Bb4 53. Ra8 Rf1 54. Ke2 a1=Q 55. Rxa1 Rxa1 56. Bd4 Ra2+ 57. Kf3 g6 58. h4 Kc4 59. Bf6 Bc5 60. g4 Rf2+ 61. Ke4 Rxf6 62. h5 gxh5 63. gxh5 Rh6 64. Kf4 Rxh5 65. Ke4 f5+ 66. Ke5 Bd4+ 67. Kf4 Kd3 68. Kf3 Be5 69. Kf2 Ke4 70. Kg2 f4 71. Kf2 f3 72. Kf1 Ke3 73. Ke1 Rh1# 0-1


[Site "https://www.chess.com"]

[Event "Titled Tuesday Blitz April 26 Early 2022"]
[White "Mika, Tomasz"]
[Black "Elgersma, Onno"]
[WhiteFideId "1132970"]
[BlackFideId "1053531"]
[WhiteElo "2116"]
[BlackElo "2304"]
[Result "0-1"]
[Round "02"]
[TimeControl "180+1"]
[Date "2022.04.26"]
[WhiteClock "0:01:19"]
[BlackClock "0:01:36"]

1. d4 Nf6 2. Nf3 d5 3. g3 c6 4. Bg2 Bf5 5. c4 e6 6. Nc3 h6 7. Qb3 Qb6 8. c5 Qc7 9. Bf4 Qc8 10. h3 Nbd7 11. g4 Bg6 12. O-O-O b6 13. cxb6 axb6 14. Rhe1 Ne4 15. Nh4 Nxc3 16. Qxc3 Bh7 17. e4 g5 18. exd5 cxd5 19. Bxd5 Qxc3+ 20. bxc3 Rc8 21. Nf5 gxf4 22. Bxe6 fxe6 23. Rxe6+ Kf7 24. Rde1 Ba3+ 25. Kd2 Bxf5 26. gxf5 Rhe8 27. Rxe8 Rxe8 28. Rxe8 Kxe8 0-1


[Site "https://www.chess.com"]

[Event "Titled Tuesday Blitz April 26 Early 2022"]
[White "Minko, Dmitry"]
[Black "Brodowski, Piotr"]
[WhiteFideId "24188468"]
[BlackFideId "1124480"]
[WhiteElo "1928"]
[BlackElo "2422"]
[Result "0-1"]
[Round "02"]
[TimeControl "180+1"]
[Date "2022.04.26"]
[WhiteClock "0:00:01"]
[BlackClock "0:00:05"]

1. e4 c5 2. Nf3 d6 3. d4 cxd4 4. Nxd4 Nf6 5. Nc3 Nc6 6. Bg5 Qb6 7. Nb3 a6 8. Qd2 e6 9. f3 Bd7 10. O-O-O Be7 11. Kb1 Rc8 12. g4 Ne5 13. Nd4 Rxc3 14. Qxc3 Nxe4 15. fxe4 Bxg5 16. h3 O-O 17. Bg2 Rc8 18. Qb3 Qxb3 19. axb3 Kf8 20. Rhf1 Ke7 21. Nf3 Nxf3 22. Bxf3 Rc7 23. e5 dxe5 24. Be4 g6 25. Rd3 f5 26. gxf5 gxf5 27. Bg2 Bh4 28. Bh1 e4 29. Re3 Bc6 30. c3 Rd7 31. Kc2 h6 32. Re2 Bg5 33. Rg1 Kf6 34. Rf1 Ke5 35. c4 Bh4 36. Rd1 Rxd1 37. Kxd1 f4 38. Rg2 Bg5 39. h4 Bxh4 40. Rg8 f3 41. Rf8 Bg5 42. Ke1 Kd4 43. Kf2 Bh4+ 44. Kf1 Ke3 45. Rf7 e5 46. Rf5 Bg3 47. Rf8 Bf4 0-1


[Site "https://www.chess.com"]

[Event "Titled Tuesday Blitz April 26 Early 2022"]
[White "Mirzoev, Azer"]
[Black "Deac, Bogdan-Daniel"]
[WhiteFideId "13400304"]
[BlackFideId "1226380"]
[WhiteElo "2525"]
[BlackElo "2648"]
[Result "1/2-1/2"]
[Round "02"]
[TimeControl "180+1"]
[Date "2022.04.26"]
[WhiteClock "0:00:03"]
[BlackClock "0:00:02"]

1. d4 Nf6 2. Nf3 d5 3. Bf4 c5 4. e3 Nc6 5. c3 Nh5 6. Be5 f6 7. Bg3 cxd4 8. cxd4 Nxg3 9. hxg3 e5 10. Nc3 Bb4 11. Rc1 O-O 12. a3 Bxc3+ 13. Rxc3 Bg4 14. Be2 Bxf3 15. Bxf3 exd4 16. exd4 Re8+ 17. Kf1 Re6 18. Rh5 Ne7 19. Bg4 Rb6 20. Qe2 g6 21. Rh4 f5 22. Re3 Nc6 23. Bf3 Kg7 24. Kg1 Qd7 25. Qd2 Rf8 26. Re1 h5 27. Bxh5 Rh8 28. Bf3 Rxh4 29. gxh4 Qd6 30. h5 Qf6 31. Bxd5 Nxd4 32. Rd1 Nc6 33. Bxc6 Rxc6 34. hxg6 Rb6 35. b4 Kxg6 36. Qe3 Re6 37. Qg3+ Kh6 38. Qf4+ Kg6 39. g3 Re7 40. Qf3 Kg5 41. Kg2 Kg6 42. Rh1 Kg7 43. Rh5 Rf7 44. Rh4 Qg6 45. Rh5 Qf6 46. Rh4 Kf8 47. Qf4 Qc6+ 48. Qf3 Qd6 49. Qf4 Qd5+ 50. Qf3 Qe5 51. Qf4 Qb2 52. Qf3 Kg7 53. Rh5 Qf6 1/2-1/2


[Site "https://www.chess.com"]

[Event "Titled Tuesday Blitz April 26 Early 2022"]
[White "Miszler, Levente"]
[Black "Antonio, Jorge Carlos"]
[WhiteFideId "763276"]
[BlackFideId "113190"]
[WhiteElo "1966"]
[BlackElo "2247"]
[Result "1-0"]
[Round "02"]
[TimeControl "180+1"]
[Date "2022.04.26"]
[WhiteClock "0:00:05"]
[BlackClock "0:00:09"]

1. Nf3 d5 2. d4 Nf6 3. c4 c6 4. e3 Bg4 5. h3 Bxf3 6. Qxf3 e6 7. Nc3 Nbd7 8. e4 dxe4 9. Nxe4 Nxe4 10. Qxe4 Be7 11. Bd3 Nf6 12. Qh4 h6 13. Be3 Nd5 14. Qg3 Nxe3 15. fxe3 O-O 16. O-O c5 17. Qg4 cxd4 18. exd4 Bf6 19. d5 exd5 20. Qf5 Bd4+ 21. Kh1 g6 22. Qxd5 Qxd5 23. cxd5 Bxb2 24. Rab1 Be5 25. Rxb7 Rad8 26. Bc4 Bd4 27. Bb3 Rd6 28. Rf4 Bb6 29. Rc4 Re8 30. Rc1 f5 31. Kh2 Be3 32. Rc2 Bf4+ 33. g3 Be3 34. Rcc7 f4 35. Rg7+ Kh8 36. Rh7+ Kg8 37. Rbg7+ Kf8 38. Rf7+ Kg8 39. Re7 Rxe7 40. Rxe7 g5 41. Kg2 Kf8 42. Rb7 Rf6 43. Kf3 fxg3+ 44. Kxg3 Bf4+ 45. Kg4 Rd6 46. Rxa7 Be3 47. Rh7 Rf6 48. Rc7 Rf4+ 49. Kh5 Rh4+ 50. Kg6 Rxh3 51. d6 Ke8 52. Re7+ Kd8 53. Be6 Bc5 54. Rd7+ Ke8 55. Bxh3 g4 56. Bxg4 h5 57. Kxh5 1-0


[Site "https://www.chess.com"]

[Event "Titled Tuesday Blitz April 26 Early 2022"]
[White "Moiseenko, Alexander"]
[Black "Al-Tarboush, Ward"]
[WhiteFideId "14102560"]
[BlackFideId "7601450"]
[WhiteElo "2577"]
[BlackElo "2276"]
[Result "1-0"]
[Round "02"]
[TimeControl "180+1"]
[Date "2022.04.26"]
[WhiteClock "0:00:06"]
[BlackClock "0:00:10"]

1. d4 d5 2. c4 c6 3. Nc3 Nf6 4. Nf3 dxc4 5. a4 Bf5 6. Nh4 Bd7 7. e4 e6 8. Bxc4 Nxe4 9. Nxe4 Qxh4 10. Qf3 Bb4+ 11. Kf1 Qd8 12. Bg5 Qa5 13. h4 h6 14. Bf4 Na6 15. Qg3 Qf5 16. Bd3 Qd5 17. Qxg7 O-O-O 18. Qe5 Qxe5 19. Bxe5 f5 20. Bxh8 fxe4 21. Bxa6 Rxh8 22. Bc4 Rf8 23. Ke2 e5 24. dxe5 Bg4+ 25. Kf1 Bc5 26. Ke1 Bb4+ 27. Kf1 Bc5 28. Ke1 Rxf2 29. Rf1 Rxb2 30. Rf4 Bh5 31. e6 Bd6 32. Rxe4 Be7 33. Be2 Bg6 34. Re3 Rb4 35. Rd1 Rxh4 36. Rd7 Rh1+ 37. Kf2 Bc5 38. Rg7 Bxe3+ 39. Kxe3 Bf5 40. Rg8+ Kc7 41. e7 Bd7 42. e8=Q Bxe8 43. Rxe8 Rh4 44. Re4 Rxe4+ 45. Kxe4 a6 46. Kf5 b5 47. axb5 cxb5 48. Kg6 Kb6 49. Kxh6 a5 50. g4 a4 51. Bd1 Ka5 52. g5 b4 53. g6 b3 54. g7 b2 55. Bc2 a3 56. g8=Q 1-0


[Site "https://www.chess.com"]

[Event "Titled Tuesday Blitz April 26 Early 2022"]
[White "Moskalenko, Alexander"]
[Black "Stromboli, Ettore"]
[WhiteFideId "4155351"]
[BlackFideId "813761"]
[WhiteElo "2434"]
[BlackElo "2414"]
[Result "1-0"]
[Round "02"]
[TimeControl "180+1"]
[Date "2022.04.26"]
[WhiteClock "0:01:44"]
[BlackClock "0:00:11"]

1. e4 e6 2. f4 f5 3. Nc3 fxe4 4. Nxe4 Nf6 5. Bd3 c5 6. Nf3 Nc6 7. O-O Nb4 8. Qe2 Nxd3 9. Qxd3 Qb6 10. Kh1 Be7 11. b3 O-O 12. Bb2 Qc7 13. Nfg5 Nxe4 14. Qxe4 Bxg5 15. fxg5 Qd6 16. g6 hxg6 17. Qxg6 Qe7 18. Kg1 Rxf1+ 19. Rxf1 b6 20. Bxg7 Qxg7 21. Qe8+ Kh7 22. Rf7 Kg6 23. Rxd7+ Kf6 24. Qd8+ Kg6 25. Rxg7+ Kxg7 26. g4 1-0


[Site "https://www.chess.com"]

[Event "Titled Tuesday Blitz April 26 Early 2022"]
[White "Moussard, Jules"]
[Black "Myshakov, Fyodor"]
[WhiteFideId "642908"]
[BlackFideId "14111284"]
[WhiteElo "2589"]
[BlackElo "2310"]
[Result "1-0"]
[Round "02"]
[TimeControl "180+1"]
[Date "2022.04.26"]
[WhiteClock "0:00:40"]
[BlackClock "0:00:26"]

1. c4 c6 2. Nf3 Nf6 3. b3 d5 4. Bb2 e6 5. g3 Be7 6. Bg2 O-O 7. O-O b6 8. d3 Bb7 9. Nbd2 Nbd7 10. e4 dxe4 11. dxe4 Qc7 12. Qe2 Rfd8 13. e5 Ne8 14. h4 c5 15. Ne4 Nf8 16. Qe3 Bc6 17. h5 h6 18. Nh2 Qb7 19. Ng4 Nh7 20. f4 Rd7 21. Rfd1 Rad8 22. Ngf2 Rxd1+ 23. Rxd1 Rxd1+ 24. Nxd1 Qd7 25. Ndf2 a5 26. g4 a4 27. Nc3 Bxg2 28. Kxg2 axb3 29. axb3 Bh4 30. Qd3 Qxd3 31. Nxd3 Bd8 32. b4 cxb4 33. Nxb4 Nf8 34. Nc6 Bc7 35. Nb5 Nd7 36. Ba3 f6 37. Bd6 Bxd6 38. exd6 Kf7 39. f5 e5 40. Kf3 Nc5 41. Ke3 Kf8 42. Nb8 Nxd6 43. Nxd6 Ke7 44. Ne4 Nxe4 45. Kxe4 Kd6 46. Na6 Kc6 47. Kd3 b5 48. cxb5+ Kxb5 49. Nc7+ Kc6 50. Ne6 Kd5 51. Nxg7 e4+ 52. Ke3 Ke5 53. Ne8 Kd5 54. Nxf6+ Ke5 55. Nxe4 Kd5 56. Kf4 Kc6 57. g5 Kd7 58. g6 Ke8 59. f6 Kf8 60. Ke5 Kg8 61. Nd6 Kf8 62. Ke6 Kg8 63. Ke7 Kh8 64. f7 1-0


[Site "https://www.chess.com"]

[Event "Titled Tuesday Blitz April 26 Early 2022"]
[White "Murthy, Pappu"]
[Black "Prohorov, Olexandr"]
[WhiteFideId "2013401"]
[BlackFideId "14105578"]
[WhiteElo "1976"]
[BlackElo "1993"]
[Result "0-1"]
[Round "02"]
[TimeControl "180+1"]
[Date "2022.04.26"]
[WhiteClock "0:00:01"]
[BlackClock "0:00:17"]

1. c4 g6 2. Nc3 Bg7 3. g3 f5 4. Bg2 Nf6 5. d3 O-O 6. e4 d6 7. Nge2 Nc6 8. O-O e5 9. Bg5 Be6 10. Nd5 Qd7 11. Nxf6+ Bxf6 12. Bxf6 Rxf6 13. f4 Raf8 14. Nc3 Nd4 15. Nd5 Bxd5 16. exd5 exf4 17. gxf4 g5 18. Qd2 Rg6 19. Kh1 Qg7 20. Qf2 gxf4 21. Bf3 c5 22. dxc6 bxc6 23. Rg1 Re8 24. Rxg6 hxg6 25. Rg1 Re3 26. Bh5 g5 27. b3 Kh7 28. Bd1 Rxd3 29. Bc2 Re3 30. Bb1 Kh6 31. Qg2 c5 32. h4 g4 33. Qf2 Rh3+ 34. Kg2 Qb7+ 35. Kf1 Rf3 0-1


[Site "https://www.chess.com"]

[Event "Titled Tuesday Blitz April 26 Early 2022"]
[White "Narayanan, Srinath"]
[Black "D`Arruda, Ricardo D."]
[WhiteFideId "5018420"]
[BlackFideId "100692"]
[WhiteElo "2472"]
[BlackElo "2419"]
[Result "1-0"]
[Round "02"]
[TimeControl "180+1"]
[Date "2022.04.26"]
[WhiteClock "0:00:03"]
[BlackClock "0:00:01"]

1. Nf3 d5 2. e3 Nf6 3. c4 c6 4. b3 Nbd7 5. Bb2 g6 6. Nc3 Bg7 7. Be2 O-O 8. O-O Re8 9. d4 Ne4 10. Nxe4 dxe4 11. Nd2 f5 12. c5 Nf6 13. Qc2 Nd5 14. a3 Be6 15. b4 Bf7 16. b5 e5 17. dxe5 Bxe5 18. Bxe5 Rxe5 19. Nc4 Re7 20. Nd6 Be6 21. Rfd1 Qc7 22. a4 Rf8 23. Bc4 f4 24. Qxe4 fxe3 25. fxe3 Bf7 26. Qd4 Be6 27. e4 Nf4 28. Rf1 Bxc4 29. Qxc4+ Ne6 30. Rxf8+ Kxf8 31. Rf1+ Kg7 32. Qc3+ Kg8 33. Rc1 b6 34. e5 Nxc5 35. h3 cxb5 36. axb5 Qd7 37. Rf1 Qe6 38. Qf3 Nd7 39. Qa8+ Kg7 40. Ne4 Qxe5 41. Nf2 Nc5 42. Qc6 Qe6 43. Qf3 Qe3 44. Qd1 Rf7 45. Qa1+ Kg8 46. Qe1 Qxe1 47. Rxe1 Rf5 48. Re7 Rf7 49. Re8+ 1-0


[Site "https://www.chess.com"]

[Event "Titled Tuesday Blitz April 26 Early 2022"]
[White "Ning, Kaiyu"]
[Black "Melikhov, Evgeny V."]
[WhiteFideId "8614750"]
[BlackFideId "4122046"]
[WhiteElo "2013"]
[BlackElo "1931"]
[Result "1-0"]
[Round "02"]
[TimeControl "180+1"]
[Date "2022.04.26"]
[WhiteClock "0:01:07"]
[BlackClock "0:00:16"]

1. d4 Nf6 2. c4 e6 3. Nf3 d5 4. Nc3 Bb4 5. Qb3 Nc6 6. e3 dxc4 7. Bxc4 O-O 8. O-O Bd6 9. Rd1 Na5 10. Qa4 Nxc4 11. Qxc4 c6 12. e4 Bc7 13. Bg5 h6 14. Bh4 g5 15. Nxg5 hxg5 16. Bxg5 Bxh2+ 17. Kf1 e5 18. dxe5 Be6 19. Qe2 Qa5 20. Bxf6 Bxe5 21. Qh5 Qa6+ 22. Kg1 Bxf6 23. e5 Bg7 24. Ne4 Rfd8 25. Nf6+ Kf8 26. Qh7 Qe2 27. Rxd8+ Rxd8 28. Qg8+ Ke7 29. Qxg7 Rd1+ 30. Rxd1 Qxd1+ 31. Kh2 Qd4 32. Qg5 Kf8 33. Qg8+ Ke7 34. Qe8# 1-0


[Site "https://www.chess.com"]

[Event "Titled Tuesday Blitz April 26 Early 2022"]
[White "Nozdrachev, Leonid"]
[Black "Zanette, Edgard Vinicius"]
[WhiteFideId "24113433"]
[BlackFideId "2109263"]
[WhiteElo "2242"]
[BlackElo "2182"]
[Result "1-0"]
[Round "02"]
[TimeControl "180+1"]
[Date "2022.04.26"]
[WhiteClock "0:00:12"]
[BlackClock "0:00:03"]

1. e4 c5 2. c3 d5 3. exd5 Qxd5 4. d4 Nf6 5. Nf3 Bg4 6. Be2 e6 7. Be3 cxd4 8. cxd4 Qd6 9. h3 Bf5 10. Nc3 Nc6 11. O-O Be7 12. Nb5 Qd8 13. Ne5 O-O 14. Bf3 Nd5 15. Rc1 Nxe5 16. Bxd5 Qxd5 17. Nc7 Qxa2 18. Nxa8 Nd3 19. Rc7 Bd6 20. Rd7 Qd5 21. Nc7 Bh2+ 22. Kxh2 Qxd7 23. Nxe6 fxe6 24. Qb3 Bg6 25. Ra1 a6 26. f3 Nf4 27. Bf2 Nd5 28. Bg3 Rc8 29. Be5 h6 30. Re1 Kh7 31. Re2 Bf5 32. h4 b5 33. g4 Bg6 34. h5 Bf7 35. Qd3+ Kg8 36. Qe4 Qe7 37. Kg3 Nf6 38. Qf4 Nd5 39. Qd2 Qd7 40. g5 Bxh5 41. gxh6 g6 42. Rh2 Qf7 43. Qg5 Qxf3+ 44. Kh4 Rf8 45. Rg2 1-0


[Site "https://www.chess.com"]

[Event "Titled Tuesday Blitz April 26 Early 2022"]
[White "Nurmanova, Alua"]
[Black "Samaganova, Aleksandra"]
[WhiteFideId "13729390"]
[BlackFideId "13800221"]
[WhiteElo "1905"]
[BlackElo "1859"]
[Result "1-0"]
[Round "02"]
[TimeControl "180+1"]
[Date "2022.04.26"]
[WhiteClock "0:00:50"]
[BlackClock "0:00:05"]

1. e4 c5 2. Nf3 e6 3. d4 cxd4 4. Nxd4 a6 5. Nc3 b5 6. Bd3 Qc7 7. O-O Nf6 8. Qe2 Bb7 9. a4 b4 10. Nb1 Nc6 11. Be3 d5 12. Nd2 Bd6 13. f4 Nxd4 14. Bxd4 Bxf4 15. e5 Bxd2 16. exf6 Bf4 17. fxg7 Bxh2+ 18. Kh1 O-O-O 19. gxh8=Q Rxh8 20. Bxh8 Bd6 21. Qh5 1-0


[Site "https://www.chess.com"]

[Event "Titled Tuesday Blitz April 26 Early 2022"]
[White "O`Gorman, Tom"]
[Black "Safarli, Eltaj"]
[WhiteFideId "2508249"]
[BlackFideId "13402129"]
[WhiteElo "2247"]
[BlackElo "2634"]
[Result "0-1"]
[Round "02"]
[TimeControl "180+1"]
[Date "2022.04.26"]
[WhiteClock "0:00:12"]
[BlackClock "0:00:06"]

1. d4 Nf6 2. c4 g6 3. Nc3 d5 4. cxd5 Nxd5 5. e4 Nxc3 6. bxc3 Bg7 7. Nf3 c5 8. h3 O-O 9. Be2 Nd7 10. Be3 Nf6 11. Qd3 e6 12. O-O b6 13. Nd2 Bb7 14. f3 Qc7 15. Rab1 Rfd8 16. Rfc1 Nh5 17. Qb5 Bc6 18. Qb2 Rd7 19. Nb3 Rad8 20. dxc5 Be5 21. cxb6 axb6 22. Nd4 Bh2+ 23. Kf2 Ba4 24. Bb5 Bxb5 25. Qxb5 Qg3+ 26. Kf1 Qh4 27. Ne2 Rd3 28. Bf2 Qf6 29. Qxb6 Rd2 30. Bd4 Qh4 31. Rd1 Rxe2 32. Kxe2 Ng3+ 33. Ke3 Nh5 34. Rb5 Bf4+ 35. Kd3 e5 36. Kc2 exd4 37. cxd4 Qf2+ 38. Kb1 Ra8 39. Rb2 Qe3 40. d5 Qc3 41. d6 Rc8 42. a3 Nf6 43. d7 Nxd7 44. Rxd7 Be5 45. Rd8+ Rxd8 46. Qxd8+ Kg7 47. Qd2 Qxa3 48. Ra2 Qb3+ 49. Kc1 Qc4+ 50. Qc2 Bf4+ 51. Kb1 Qf1+ 52. Kb2 Be5+ 53. Kb3 Qb5+ 54. Ka3 Bd6+ 55. Qc5 Bxc5# 0-1


[Site "https://www.chess.com"]

[Event "Titled Tuesday Blitz April 26 Early 2022"]
[White "Odegov, Artem"]
[Black "Harshavardhan G B"]
[WhiteFideId "34183644"]
[BlackFideId "25059009"]
[WhiteElo "2286"]
[BlackElo "1831"]
[Result "0-1"]
[Round "02"]
[TimeControl "180+1"]
[Date "2022.04.26"]
[WhiteClock "0:00:04"]
[BlackClock "0:01:53"]

1. d4 Nf6 2. c4 e5 3. dxe5 Ng4 4. Bf4 Nc6 5. Nf3 Bb4+ 6. Nc3 Qe7 7. Qd5 Bxc3+ 8. bxc3 f6 9. exf6 Nxf6 10. Qd3 d6 11. g3 O-O 12. Bg2 Bg4 13. O-O Rae8 14. e3 b6 15. Nd4 Ne5 16. Qc2 Kh8 17. Nc6 Qf7 18. c5 Nf3+ 19. Kh1 Qh5 20. h4 bxc5 21. e4 Nxe4 22. Bc1 Qf5 23. Qa4 Bh3 24. Bb2 Bxg2+ 25. Kxg2 Nxh4+ 26. gxh4 Qg4+ 27. Kh2 Qxh4+ 28. Kg2 Qg4+ 29. Kh2 Rf3 0-1


[Site "https://www.chess.com"]

[Event "Titled Tuesday Blitz April 26 Early 2022"]
[White "Olsen, Filip Boe"]
[Black "Shirov, Alexei"]
[WhiteFideId "1440640"]
[BlackFideId "2209390"]
[WhiteElo "2188"]
[BlackElo "2678"]
[Result "0-1"]
[Round "02"]
[TimeControl "180+1"]
[Date "2022.04.26"]
[WhiteClock "0:00:02"]
[BlackClock "0:00:58"]

1. d4 d5 2. Nf3 Nf6 3. Bf4 c5 4. e3 Nc6 5. Nbd2 Qb6 6. dxc5 Qxb2 7. Rb1 Qc3 8. Bb5 e6 9. O-O Be7 10. e4 O-O 11. e5 Nd7 12. Nb3 Qb4 13. Nfd4 Nxd4 14. Nxd4 Qxc5 15. Rb3 a6 16. Bd3 g6 17. Nf3 Qc7 18. Re1 Nc5 19. Ng5 Nxb3 20. axb3 h6 21. Nh7 Kxh7 22. Qh5 Rh8 23. Bxg6+ Kg7 24. Bd3 Bg5 25. Bxg5 hxg5 26. Qxg5+ Kf8 27. Re3 Qe7 28. Qf4 Qh4 29. g4 Bd7 30. Rf3 Be8 31. h3 a5 32. Bg6 Qh6 33. Qf6 Qg7 0-1


[Site "https://www.chess.com"]

[Event "Titled Tuesday Blitz April 26 Early 2022"]
[White "Omelja, Artem"]
[Black "Xu, Yi"]
[WhiteFideId "14119846"]
[BlackFideId "8605564"]
[WhiteElo "2382"]
[BlackElo "2471"]
[Result "0-1"]
[Round "02"]
[TimeControl "180+1"]
[Date "2022.04.26"]
[WhiteClock "0:00:03"]
[BlackClock "0:00:09"]

1. d4 Nf6 2. c4 e6 3. Nf3 d5 4. Nc3 Bb4 5. cxd5 exd5 6. Qa4+ Nc6 7. Bg5 h6 8. Bxf6 Qxf6 9. e3 O-O 10. Bb5 Bd7 11. O-O Bxc3 12. bxc3 a6 13. Bxc6 Bxc6 14. Qb3 Qd6 15. Ne5 Bb5 16. Rfc1 c5 17. a4 c4 18. Qb2 Bc6 19. Qb6 f6 20. Nxc6 bxc6 21. Rcb1 Rfb8 22. Qa5 Rb3 23. Rxb3 cxb3 24. Rb1 Rb8 25. Qxa6 b2 26. g3 Qa3 27. Qxc6 Qa2 28. Qe6+ Kh8 29. Qf5 Qxa4 30. Qd3 Qb3 31. Qd2 Qa2 32. Qc2 Kg8 33. Kg2 Kf7 34. Qf5 Qb3 35. Qd3 Ra8 36. Qd2 Ra2 37. h4 h5 38. Kh2 g6 39. Kg2 Qb5 40. Qc2 Ra1 41. Qd1 Rxb1 42. Qxb1 Qb3 43. Kf3 Kg7 44. Ke2 Qxc3 45. Kd1 Kh6 46. Qc2 Qb4 47. Qb1 Qb3+ 48. Kd2 f5 49. Ke2 Qc3 50. Kd1 Qb3+ 51. Qc2 b1=Q+ 52. Ke2 Q3xc2+ 53. Kf3 Qe4+ 54. Ke2 Qbc2+ 55. Ke1 Qh1# 0-1


[Site "https://www.chess.com"]

[Event "Titled Tuesday Blitz April 26 Early 2022"]
[White "Onslow, Alfie"]
[Black "Mortazavi, Ali"]
[WhiteFideId "436976"]
[BlackFideId "401323"]
[WhiteElo "1884"]
[BlackElo "2339"]
[Result "0-1"]
[Round "02"]
[TimeControl "180+1"]
[Date "2022.04.26"]
[WhiteClock "0:00:03"]
[BlackClock "0:00:34"]

1. e4 c6 2. d4 d5 3. exd5 cxd5 4. Nf3 Nc6 5. Bb5 Bg4 6. h3 Bxf3 7. Qxf3 e6 8. c3 Bd6 9. O-O Ne7 10. Re1 Qc7 11. Nd2 a6 12. Bd3 Ng6 13. Nf1 Nce7 14. Ng3 Nf4 15. Bxf4 Bxf4 16. Nh5 Bh6 17. Nf6+ gxf6 18. Qxf6 O-O-O 19. Qxh6 Ng6 20. Bxg6 hxg6 21. Qe3 Rh5 22. b3 Rdh8 23. c4 dxc4 24. bxc4 g5 25. Qg3 Rh4 26. Qxg5 Rxd4 27. c5 Rdd8 28. Rac1 Qc6 29. Qe3 Rhg8 30. Qe4 Rd2 31. Qxc6+ bxc6 32. a4 Rg5 33. Re4 Rf5 34. f3 Rfd5 35. Rf4 f5 36. h4 Ra2 37. Rb4 Rdd2 38. Rb5 axb5 0-1


[Site "https://www.chess.com"]

[Event "Titled Tuesday Blitz April 26 Early 2022"]
[White "Padmini, Rout"]
[Black "Sawyer, Bradley"]
[WhiteFideId "5029295"]
[BlackFideId "2023784"]
[WhiteElo "2181"]
[BlackElo "2368"]
[Result "1-0"]
[Round "02"]
[TimeControl "180+1"]
[Date "2022.04.26"]
[WhiteClock "0:00:54"]
[BlackClock "0:00:17"]

1. c4 c5 2. b3 Nc6 3. Bb2 e5 4. Nc3 g6 5. g3 Bg7 6. Bg2 Nge7 7. e3 O-O 8. h4 h5 9. Nf3 d5 10. cxd5 Nxd5 11. Ng5 Ndb4 12. O-O Nd3 13. Ba3 Ncb4 14. Bxb4 Nxb4 15. a3 Nd3 16. Qe2 Bg4 17. f3 Bf5 18. e4 Qd4+ 19. Kh2 Bd7 20. f4 exf4 21. gxf4 Bg4 22. Nf3 Qd6 23. e5 Qd7 24. Qe4 Rad8 25. Ng5 b6 26. Nd5 Bf5 27. Qe3 Rfe8 28. Qg3 Nxe5 29. fxe5 Bxe5 30. Rf4 Bxa1 31. d4 Bxd4 32. Rxd4 Qc6 33. Ne7+ 1-0


[Site "https://www.chess.com"]

[Event "Titled Tuesday Blitz April 26 Early 2022"]
[White "Pap, Gyula"]
[Black "Plotnikov, Pavel"]
[WhiteFideId "725323"]
[BlackFideId "4170342"]
[WhiteElo "2820"]
[BlackElo "2530"]
[Result "1-0"]
[Round "02"]
[TimeControl "180+1"]
[Date "2022.04.26"]
[WhiteClock "0:01:08"]
[BlackClock "0:00:01"]

1. d4 Nf6 2. c4 e6 3. Nc3 Bb4 4. Qb3 c5 5. dxc5 Bxc5 6. Nf3 O-O 7. Bg5 h6 8. Bh4 Nc6 9. e3 b6 10. Be2 Bb7 11. O-O Be7 12. Rfd1 a6 13. Na4 b5 14. cxb5 axb5 15. Bxb5 Na5 16. Qc2 Bxf3 17. gxf3 Rc8 18. Qe2 Nd5 19. Bg3 h5 20. h3 h4 21. Bh2 Bc5 22. Nxc5 Rxc5 23. Bd6 Qg5+ 24. Kh2 Rfc8 25. Rg1 Qf6 26. Bxc5 Rxc5 27. Rac1 Qe5+ 28. f4 Nxf4 29. Rxc5 Qxc5 30. exf4 Qd4 31. Qe5 Qd2 32. Qxg7# 1-0


[Site "https://www.chess.com"]

[Event "Titled Tuesday Blitz April 26 Early 2022"]
[White "Papasimakopoulos, Alexandros"]
[Black "Chuemsakul, Sarocha"]
[WhiteFideId "4244125"]
[BlackFideId "6203710"]
[WhiteElo "2340"]
[BlackElo "1703"]
[Result "1-0"]
[Round "02"]
[TimeControl "180+1"]
[Date "2022.04.26"]
[WhiteClock "0:00:16"]
[BlackClock "0:00:12"]

1. d4 Nf6 2. c4 g6 3. Nc3 Bg7 4. e4 d6 5. f3 O-O 6. Nge2 e5 7. Be3 Nc6 8. d5 Ne7 9. g4 Nd7 10. Qd2 f5 11. g5 a5 12. h4 Nc5 13. O-O-O Bd7 14. Kb1 Nc8 15. Nc1 a4 16. h5 f4 17. Bxc5 dxc5 18. h6 Bh8 19. Rg1 Nd6 20. Qf2 b6 21. b3 axb3 22. axb3 Qe7 23. Nd3 Ra7 24. Kb2 Rfa8 25. Qh2 Nf7 26. Qg2 Nd6 27. Rc1 Nf7 28. Rd1 Nd6 29. Nc1 Nf7 30. Re1 Nd6 31. Qh2 Nf7 32. Qh4 Kf8 33. Rd1 Nd6 34. Bh3 Bxh3 35. Qxh3 Ke8 36. Nd3 Qd7 37. Qe6+ Qxe6 38. dxe6 c6 39. Nxc5 Nxc4+ 40. bxc4 bxc5 41. Rd6 Rc7 42. Rgd1 Ke7 43. Rd7+ Rxd7 44. Rxd7+ Kxe6 45. Rxh7 Bf6 46. gxf6 Kxf6 47. Rc7 Rh8 48. h7 Kg5 49. Kc2 Kh4 50. Kd3 g5 51. Rg7 g4 52. Rxg4+ Kh3 53. Rg7 1-0


[Site "https://www.chess.com"]

[Event "Titled Tuesday Blitz April 26 Early 2022"]
[White "Petrova, Irina"]
[Black "Chojnacki, Slawomir"]
[WhiteFideId "14124122"]
[BlackFideId "1117076"]
[WhiteElo "1993"]
[BlackElo "2084"]
[Result "0-1"]
[Round "02"]
[TimeControl "180+1"]
[Date "2022.04.26"]
[WhiteClock "0:00:28"]
[BlackClock "0:01:10"]

1. e4 c6 2. d4 d5 3. e5 Bf5 4. h4 h5 5. c4 e6 6. Nc3 Nd7 7. Bg5 Qa5 8. cxd5 exd5 9. Bd3 Bg4 10. f3 Be6 11. Ne2 Nh6 12. O-O Be7 13. Nf4 Bxg5 14. hxg5 Nf5 15. g6 Ne3 16. gxf7+ Kxf7 17. Bg6+ Ke7 18. Qc1 Nxf1 19. Nxe6 Kxe6 20. Qg5 Ne3 21. Qxe3 Qd8 22. f4 Qh4 23. f5+ Ke7 24. f6+ gxf6 25. exf6+ Kxf6 26. Bc2 Rae8 27. Rf1+ Kg7 28. Qd3 Qg5 29. Ne2 Qe3+ 30. Qxe3 Rxe3 31. Nf4 Nf6 32. Bf5 Rhe8 33. Rf2 Kh6 34. Bg6 Re1+ 35. Rf1 Rxf1+ 36. Kxf1 Rf8 37. g3 Ne4 38. Kg2 Nxg3 39. Kxg3 Rxf4 40. Bxh5 Rxd4 0-1


[Site "https://www.chess.com"]

[Event "Titled Tuesday Blitz April 26 Early 2022"]
[White "Pham, Le Thao Nguyen"]
[Black "Dwilewicz, Katarzyna"]
[WhiteFideId "12401226"]
[BlackFideId "1148486"]
[WhiteElo "2271"]
[BlackElo "1907"]
[Result "1/2-1/2"]
[Round "02"]
[TimeControl "180+1"]
[Date "2022.04.26"]
[WhiteClock "0:00:28"]
[BlackClock "0:00:48"]

1. d4 d5 2. c4 e6 3. Nc3 Bb4 4. cxd5 exd5 5. Nf3 Nf6 6. Bg5 O-O 7. e3 h6 8. Bxf6 Qxf6 9. Qb3 Bxc3+ 10. bxc3 c6 11. Be2 Nd7 12. O-O Nb6 13. a4 Bg4 14. a5 Bxf3 15. Bxf3 Nc4 16. Rfd1 b5 17. Be2 a6 18. Qb4 Rfe8 19. Bxc4 dxc4 20. d5 cxd5 21. Rxd5 Rad8 22. Rad1 Rxd5 23. Rxd5 Rd8 24. Rxd8+ Qxd8 25. g3 Qd1+ 26. Kg2 Qb3 27. Qe7 Qxc3 28. Qe8+ Kh7 29. Qxf7 Qxa5 30. Qf5+ Kg8 31. Qe6+ Kf8 32. Qd6+ Ke8 33. Qe6+ Kf8 34. Qd6+ Ke8 35. Qe6+ Kd8 36. Qg8+ Kc7 37. Qxg7+ Kc8 38. Qg4+ Kb7 39. Qe4+ Kc7 40. Qe7+ Kc8 41. Qe6+ Kb7 42. Qe4+ Kb8 43. Qe8+ Kb7 44. Qe4+ 1/2-1/2


[Site "https://www.chess.com"]